 Dungeon Crawl Stone Soup version 0.28-a0-687-gb91baff9cc (webtiles) character file.

Game seed: 3848786011408211999

398 bande the Chopper (level 6, -9/39 HPs)
             Began as a Gargoyle Fighter on Oct 20, 2021.
             Killed by divine providence
             ... invoked by an orc priest
              (12 damage)
             ... on level 4 of the Dungeon.
             The game lasted 00:06:07 (3605 turns).

bande the Chopper (Gargoyle Fighter)                Turns: 3605, Time: 00:06:08

Health: -9/39      AC: 21    Str: 21    XL:     6   Next: 83%
Magic:  6/6        EV:  9    Int:  8    God:
Gold:   86         SH:  4    Dex: 10    Spells: 5/5 levels left

rFire   . . .      SeeInvis .   a - +0 war axe
rCold   . . .      Faith    .   c - +0 buckler
rNeg    + . .      Spirit   .   b - +0 scale mail
rPois   ∞          Reflect  .   m - +0 helmet
rElec   +          Harm     .   j - +0 cloak
rCorr   +          Rampage  .   (no gloves)
Will    .....                   h - +2 pair of boots
Stlth   ..........              (no amulet)
HPRegen 0.13/turn               e - +4 ring of protection
MPRegen 0.10/turn               k - ring of resist corrosion

@: mighty
A: sickness immunity, AC +4, negative energy resistance 1, electricity
resistance, torment resistance 1, petrification resistance
a: no special abilities


You were on level 4 of the Dungeon.
You visited 1 branch of the dungeon, and saw 4 of its levels.

You collected 86 gold pieces.

Inventory:

Hand Weapons
 a - a +0 war axe (weapon)
 f - a +0 flail
Armour
 b - a +0 scale mail (worn)
 c - a +0 buckler (worn)
 h - a +2 pair of boots (worn)
 j - a +0 cloak (worn)
 m - a +0 helmet (worn)
Jewellery
 e - a +4 ring of protection (left hand)
 k - a ring of resist corrosion (right hand)
Wands
 l - a wand of iceblast (7)
Scrolls
 g - a scroll of fog
 i - 4 scrolls of identify
Potions
 d - 2 potions of might


   Skills:
 + Level 4.5 Fighting
 + Level 4.6 Axes
 + Level 4.3 Armour
 - Level 0.5 Dodging
 - Level 1.1 Stealth
 + Level 4.2 Shields


You had 5 spell levels left.
You didn't know any spells.
Your spell library was empty.

Dungeon Overview and Level Annotations

Branches:
Dungeon (4/15)
 Temple: D:4-7

Altars:


Innate Abilities, Weirdness & Mutations

You are immune to sickness and miasma.
Your stone body is resilient. (AC +4)
You are immune to poison.
You resist negative energy. (rN+)
You are resistant to electric shocks. (rElec)
You are resistant to unholy torment.
You are immune to petrification.


Message History

The orc priest hits you with a +0 trident.
The hound skeleton bites you but does no damage.
You hear some strange, mumbled words.
Something tries to affect you, but you resist.
The orc priest closely misses you.
Unknown command.
You miss the orc priest. You barely miss something.
You closely miss the hound skeleton.
You feel less confused.
The hound skeleton bites you but does no damage.
You hear some strange, mumbled words.
A puff of flame appears from out of thin air!
The puff of flame hits you.
* * * LOW HITPOINT WARNING * * *
The orc priest barely misses you. The hound skeleton bites you.
* * * LOW HITPOINT WARNING * * *
You hit the orc priest but do no damage.
You barely miss the hound skeleton. You miss something. Something hits you.
* * * LOW HITPOINT WARNING * * *
The hound skeleton bites you but does no damage.
The orc priest hits you but does no damage.
Unknown command.
You feel very mighty all of a sudden.
The hound skeleton bites you but does no damage.
You hear some strange, mumbled words.
Something tries to affect you, but you resist.
You block the orc priest's attack.
The hound skeleton bites you but does no damage.
Unknown command.
You slash the hound skeleton!
You destroy the hound skeleton!
You slash something!
Your scale mail prevents you from hitting the orc priest.
Something hits you but does no damage. The orc priest closely misses you.
Something hits you but does no damage. The orc priest closely misses you.
Unknown command.
Something hits you but does no damage.
The orc priest mumbles some strange prayers to Beogh against you.
Beogh smites you!
You die...

#...# #......# #.## #...#
#......# #..# ***** #...#
###########.# ,,,,** #...#
#..§§§.## ,,,,,*** #...#
#..§§§..# ,,,,,,<#####...#
#..§.§#.#
,,,,,,(.......#########..§§§#.###
,,,,,,#####.)...)...............#
,*,,*,* #....{@o...............
,*,,*,* #.....................#
,*,,*,* #.......(.............#
,*,,*,* #.....................#
*****,* #.....................#
,,,,,,****#......)..............#
*******,,.......................#
*******,......).................#
,,,,,,,,........................#


You could see an orc priest.

Vanquished Creatures
  A scorpion (D:4)
  A howler monkey (D:4)
  Ijyb (D:3)
  A scorpion zombie (D:4)
  3 hound zombies (D:4)
  2 hound skeletons (D:4)
  Robin (D:3)
  2 howler monkey zombies (D:4)
  A gnoll (D:1)
  5 adders
  An adder skeleton (D:4)
  3 worms (D:3)
  2 dart slugs (D:1)
  3 orcs
  8 endoplasms
  A giant cockroach (D:3)
  11 goblins
  6 hobgoblins
  3 jackals (D:1)
  2 kobolds (D:1)
  4 quokkas
  9 ball pythons
  6 bats
  7 frilled lizards
  4 rats
88 creatures vanquished.

Vanquished Creatures (others)
  4 withered plants (D:4)
4 creatures vanquished.

Grand Total: 92 creatures vanquished

Notes
Turn   | Place    | Note
-------+----------+-------------------------------------------
     0 | D:1      | bande the Gargoyle Fighter began the quest for the Orb.
     0 | D:1      | Reached XP level 1. HP: 14/14 MP: 1/1
    79 | D:1      | Reached XP level 2. HP: 5/19 MP: 2/2
   631 | D:1      | Reached XP level 3. HP: 18/24 MP: 3/3
  2133 | D:3      | Noticed Ijyb
  2134 | D:3      | Paralysed by Ijyb for 4 turns
  2142 | D:3      | Paralysed by Ijyb for 4 turns
  2163 | D:3      | Killed Ijyb
  2164 | D:3      | Reached XP level 4. HP: 12/29 MP: 4/4
  2569 | D:3      | Noticed Robin
  2570 | D:3      | Found a faded altar of an unknown god.
  2577 | D:3      | Reached skill level 1 in Stealth
  2591 | D:3      | Killed Robin
  2592 | D:3      | Reached XP level 5. HP: 30/33 MP: 5/5
  3292 | D:4      | Reached XP level 6. HP: 24/38 MP: 6/6
  3605 | D:4      | Killed from afar by an orc priest

Illustrated notes

Levels and vault maps discovered:
D:1:      dpeg_arrival_boxes_within_box, layout_loops_ring
D:2:      layout_basic
D:3:      layout_basic, ebering_ecumenical_altar_mist, uniq_robin, uniq_ijyb
D:4:      layout_basic, serial_undead, serial_undead_a, serial_undead_a,
          serial_undead_e, serial_undead_b

Skill      XL: |  1  2  3  4  5  6 |
---------------+-------------------+-----
Axes           | 2 3 4 |  4.6
Fighting       | 4 |  4.5
Stealth        | 1 |  1.1
Armour         | 4 |  4.3
Shields        | 4 |  4.2
Dodging        | |  0.5

Action                   |  1- 3 |  4- 6 || total
-------------------------+-------+-------++-------
Melee: War axe           |   127 |   117 ||   244
  Use: Scroll            |     2 |     3 ||     5
       Potion            |       |     3 ||     3
Armor: Scale mail        |    77 |   139 ||   216
Dodge: Dodged            |    54 |    65 ||   119
Block: Buckler           |    23 |    37 ||    60

Table legend: (Time is in decaauts)
 A = Elapsed time spent in this place.
 B = Non-inter-level travel time spent in this place.
 C = Inter-level travel time spent in this place.
 D = Time resting spent in this place.
 E = Time spent auto-exploring this place.
 F = Levels seen in this place.
 G = Mean time per level.
                   A        B        C        D        E       F      G
               +--------+--------+--------+--------+--------+-----+--------+
         Total |   3694 |   3492 |    202 |    813 |   2000 |   4 |  923.5 |
       Dungeon |   3694 |   3492 |    202 |    813 |   2000 |   4 |  923.5 |
               +--------+--------+--------+--------+--------+-----+--------+

Top non-repeatable levels by time:
     D:1: 1221 daAuts
     D:3: 1074 daAuts
     D:2: 992 daAuts
     D:4: 406 daAuts
